[Event "Late-Titled-Tuesday-Blitz-May-28-2024"]
[Site "Chess.com"]
[Date "2024.05.28"]
[Round "4"]
[White "JohnWhite1952"]
[Black "ccccvhhhj"]
[Result "1/2-1/2"]
[WhiteElo "2038"]
[BlackElo "2448"]
[TimeControl "180+1"]
[EndTime "14:34:59 PDT"]
[Termination "Game drawn by repetition"]

1. e4 e5 2. Nf3 Nc6 3. d4 exd4 4. Nxd4 Nf6 5. Nc3 Bb4 6. Nxc6 bxc6 7. Bd3 O-O 8. O-O d5 9. exd5 cxd5 10. a3 Be7 11. Bg5 Bb7 12. Re1 c5 13. Qf3 Rb8 14. Qh3 g6 15.
Rxe7 Qxe7 16. Qh4 Kg7 17. Qh6+ Kg8 18. Qh4 Kg7 19. Qh6+ Kg8 20. Qh4 1/2-1/2

[Event "Late-Titled-Tuesday-Blitz-May-28-2024"]
[Site "Chess.com"]
[Date "2024.05.28"]
[Round "4"]
[White "VD_coach"]
[Black "northridgehawk"]
[Result "1-0"]
[WhiteElo "2528"]
[BlackElo "2347"]
[TimeControl "180+1"]
[EndTime "14:35:00 PDT"]
[Termination "VD_coach won by resignation"]

1. Nf3 Nf6 2. d4 d5 3. c4 c5 4. cxd5 cxd4 5. Nxd4 Qxd5 6. Nc3 Qd8 7. e4 Nc6 8. Bb5 Bd7 9. Be3 Nxd4 10. Bxd4 e6 11. O-O Be7 12. e5 Nd5 13. Nxd5 exd5 14. Bd3 O-O 15.
Re1 Be6 16. Qf3 Rc8 17. Rad1 a6 18. Qg3 Rc6 19. f4 Qd7 20. f5 Bxf5 21. e6 Bf6 22.
Bxf6 fxe6 23. Be5 Bxd3 24. Rxd3 Rc2 25. Rf3 Rxf3 26. Qxf3 Qc6 27. Rf1 Qb6+ 28. Kh1 Qd8 29. Qf7+ 1-0

[Event "Late-Titled-Tuesday-Blitz-May-28-2024"]
[Site "Chess.com"]
[Date "2024.05.28"]
[Round "4"]
[White "HajiyevKanan"]
[Black "attack2mateU"]
[Result "0-1"]
[WhiteElo "2477"]
[BlackElo "2689"]
[TimeControl "180+1"]
[EndTime "14:35:04 PDT"]
[Termination "attack2mateU won by resignation"]

1. d4 Nf6 2. Nf3 g6 3. g3 Bg7 4. Bg2 O-O 5. O-O d5 6. b3 c5 7.
Bb2 cxd4 8. Nxd4 Re8 9. c4 e5 10.
Nb5 d4 11. e3 a6 12. N5a3 Nc6 13. exd4 exd4 14. Bxc6 bxc6 15. Qxd4 Qa5 16. c5 Nh5 0-1

[Event "Late-Titled-Tuesday-Blitz-May-28-2024"]
[Site "Chess.com"]
[Date "2024.05.28"]
[Round "4"]
[White "chess_sharparchitect"]
[Black "blueryder"]
[Result "1-0"]
[WhiteElo "2356"]
[BlackElo "2168"]
[TimeControl "180+1"]
[EndTime "14:35:07 PDT"]
[Termination "chess_sharparchitect won by checkmate"]

1. c4 e5 2. Nc3 Nc6 3. Nf3 f5 4. d4 e4 5. Ng5 Nf6 6. h4 h6 7.
Nh3 Bd6 8. c5 Be7 9. Nf4 O-O 10.
d5 Ne5 11. d6 cxd6 12. cxd6 Bxd6 13. Qxd6 Re8 14. e3 Nf7 15. Bc4 a6 16. Ncd5 Nxd6 17.
Nxf6+ Kf8 18. Ng6# 1-0

[Event "Late-Titled-Tuesday-Blitz-May-28-2024"]
[Site "Chess.com"]
[Date "2024.05.28"]
[Round "4"]
[White "Thjop"]
[Black "Caterpiller35"]
[Result "0-1"]
[WhiteElo "2625"]
[BlackElo "2466"]
[TimeControl "180+1"]
[EndTime "14:35:18 PDT"]
[Termination "Caterpiller35 won by checkmate"]

1. b3 Nf6 2. Bb2 g6 3. Bxf6 exf6 4. d4 f5 5. e3 d6 6. g3 Nd7 7. Bg2 Nf6 8. h4 h5 9. c4 Bh6 10. Nc3 O-O 11. Nge2 Ng4 12. Nf4 Re8 13. Qd2 c6 14. O-O-O Qa5 15. Kb1 Bg7 16. Bf3 a6 17. Bxg4 fxg4 18. Rhe1 b5 19. Qd3 bxc4 20. Qxc4 Rb8 21. Rc1 c5 22. dxc5 dxc5 23. Ncd5 Qa3 24. Rc2 Bf5 25. e4 Rxe4 26. Rxe4 Bxe4 27. Qxe4 Rxb3+ 28. axb3 Qa1# 0-1

[Event "Late-Titled-Tuesday-Blitz-May-28-2024"]
[Site "Chess.com"]
[Date "2024.05.28"]
[Round "4"]
[White "Valiyev_Shahin"]
[Black "NovakRatko"]
[Result "1-0"]
[WhiteElo "2534"]
[BlackElo "2361"]
[TimeControl "180+1"]
[EndTime "14:35:25 PDT"]
[Termination "Valiyev_Shahin won by resignation"]

1. e4 d6 2. d4 c5 3. dxc5 dxc5 4. Qxd8+ Kxd8 5. Be3 e5 6. Na3 Nf6 7. f3 a6 8. Nc4 Kc7 9. Nxe5 Be6 10. Bc4 Bxc4 11.
Nxc4 b5 12. Bf4+ Kc6 13. Ne5+ Kb6 14. Nxf7 Rg8 15. O-O-O Nc6 16. Nh3 h6 17. Ne5 Nd4 18. Rhe1 Re8 19. c3 Ne6 20. Bg3 Nh5 21. Nd7+ Kb7 22.
Nxf8 Rgxf8 23. Rd5 Nxg3 24. hxg3 Rd8 25. Red1 Rxd5 26.
Rxd5 Kc6 27. Kd2 g5 28. Ke3 c4 29. Ng1 Nc5 30. Ne2 Nd3 31. Nd4+ Kb7 32. Rd7+ Kc8 33. Ra7 Rf6 34. b4 Ne1 35. e5 Rb6 36. e6 Kd8 37.
Ke4 Nxg2 38. Kd5 Ne3+ 39. Kc5 Rb8 40. Nc6+ Kc8 41. e7 1-0

[Event "Late-Titled-Tuesday-Blitz-May-28-2024"]
[Site "Chess.com"]
[Date "2024.05.28"]
[Round "4"]
[White "PNEPaul"]
[Black "Onthequiet"]
[Result "0-1"]
[WhiteElo "1916"]
[BlackElo "2448"]
[TimeControl "180+1"]
[EndTime "14:35:26 PDT"]
[Termination "Onthequiet won by resignation"]

1. e4 c5 2. d4 cxd4 3. c3 dxc3 4. Nxc3 Nc6 5. Nf3 e6 6. Bf4 a6 7. Bd3 Nge7 8. e5 Ng6 9. Bg3 Bb4 10. Qe2 O-O 11. h4 d6 12. exd6 Bxd6 13. Bxd6 Qxd6 14. Rd1 Qb4 15. a3 Qg4 16. Bb1 Nf4 17. Bxh7+ Kh8 18. Qe4 f5 0-1

[Event "Late-Titled-Tuesday-Blitz-May-28-2024"]
[Site "Chess.com"]
[Date "2024.05.28"]
[Round "4"]
[White "Genghis_K"]
[Black "Sondremelaa"]
[Result "1-0"]
[WhiteElo "2935"]
[BlackElo "2577"]
[TimeControl "180+1"]
[EndTime "14:35:41 PDT"]
[Termination "Genghis_K won by resignation"]

1. e4 e5 2. Nf3 Nc6 3. d4 exd4 4. Nxd4 Nf6 5. Nxc6 bxc6 6. Bd3 d5 7. exd5 cxd5 8. O-O Be7 9. c4 O-O 10. Nc3 c6 11.
cxd5 Nxd5 12. Nxd5 Qxd5 13. Qc2 g6 14. Be4 Bf5 15.
Bxf5 Qxf5 16. Qxf5 gxf5 17. Bh6 Rfe8 18. Rac1 Rac8 19. Rfe1 Bf6 20. b3 Re6 21. g3 Bg7 22. Be3 Rc7 23. Kf1 Bf6 24. Rc5 Re5 25. Rec1 Rxc5 26.
Rxc5 Kg7 27. Rxf5 Kg6 28. Ra5 Rd7 29. Rxa7 Rd1+ 30. Kg2 Rb1 31. Ra6 Rb2 32. Rxc6 Rxa2 33. Bd4 1-0

[Event "Late-Titled-Tuesday-Blitz-May-28-2024"]
[Site "Chess.com"]
[Date "2024.05.28"]
[Round "4"]
[White "SHIVACalypso"]
[Black "KatakuriDono"]
[Result "1-0"]
[WhiteElo "2549"]
[BlackElo "2290"]
[TimeControl "180+1"]
[EndTime "14:35:46 PDT"]
[Termination "SHIVACalypso won by resignation"]

1. g3 d5 2. Bg2 g6 3. c4 dxc4 4. Qa4+ Bd7 5. Qxc4 Bc6 6. Nf3 Bg7 7. O-O Nf6 8. d3 O-O 9. Qc2 Nbd7 10. Nc3 b6 11. b3 Bb7 12. Bb2 c5 13. Rac1 Rc8 14. Qb1 e5 15. Qa1 Qe7 16. Ne1 Bxg2 17. Nxg2 Qd6 18.
Rfd1 Rfe8 19. Ne3 a6 20. Ne4 Qb8 21. Nc4 Nxe4 22. dxe4 Rcd8 23. Ne3 Nf6 24. f3 Rxd1+ 25. Rxd1 Qc7 26. Nd5 Nxd5 27. Rxd5 f6 28. Qd1 h5 29. Rd7 Qc6 30. Rd6 Qb5 31. Qd5+ Kh7 32. Kf2 Re7 33. Rd8 Re8 34. Rd7 Re7 35. Rxe7 1-0

[Event "Late-Titled-Tuesday-Blitz-May-28-2024"]
[Site "Chess.com"]
[Date "2024.05.28"]
[Round "4"]
[White "LiemLe"]
[Black "bazar-wokzal"]
[Result "1-0"]
[WhiteElo "3029"]
[BlackElo "2598"]
[TimeControl "180+1"]
[EndTime "14:35:52 PDT"]
[Termination "LiemLe won by resignation"]

1. c4 e5 2. g3 h5 3. Nf3 e4 4. Nh4 g5 5. Ng2 h4 6. gxh4 g4 7. Nc3 f5 8. d3 exd3 9. Qxd3 d6 10. h3 gxh3 11. Rxh3 Nc6 12. Bg5 Be7 13. Nf4 Ne5 14. Qd4 Nf6 15. Ncd5 c6 16. Nxe7 Qxe7 17. Re3 Kf7 18. O-O-O c5 19. Qxd6 Qxd6 20. Rxd6 Ne4 21. Rxe4 fxe4 22. Bg2 Bg4 23. Bxe4 Nxc4 24. Bd5+ 1-0

[Event "Late-Titled-Tuesday-Blitz-May-28-2024"]
[Site "Chess.com"]
[Date "2024.05.28"]
[Round "4"]
[White "juancruzarias"]
[Black "emeli_chess"]
[Result "1-0"]
[WhiteElo "2661"]
[BlackElo "2420"]
[TimeControl "180+1"]
[EndTime "14:35:57 PDT"]
[Termination "juancruzarias won by resignation"]

1. e4 e5 2. Nf3 Nc6 3. Bc4 Nf6 4. d3 Be7 5. c3 O-O 6. Bb3 d5 7. Nbd2 Be6 8. O-O h6 9. Re1 Qd7 10. Bc2 dxe4 11. dxe4 a5 12. Qe2 Nh5 13. Nf1 Nf4 14.
Bxf4 exf4 15. Rad1 Qe8 16. Bb3 Bxb3 17. axb3 g5 18.
Qb5 b6 19. h3 Bf6 20. Qf5 Qe6 21.
Qd5 Qxd5 22. exd5 Ne7 23. d6 Nf5 24. dxc7 Rac8 25. Rd5 Ne7 26. Rd6 Bg7 27. Rxe7 1-0

[Event "Late-Titled-Tuesday-Blitz-May-28-2024"]
[Site "Chess.com"]
[Date "2024.05.28"]
[Round "4"]
[White "NMJeevanK"]
[Black "baki83"]
[Result "0-1"]
[WhiteElo "2690"]
[BlackElo "2935"]
[TimeControl "180+1"]
[EndTime "14:36:01 PDT"]
[Termination "baki83 won by resignation"]

1. e4 c5 2. Nc3 Nc6 3. Bb5 Nd4 4. Bc4 e6 5. Nge2 Ne7 6. Nxd4 cxd4 7. Ne2 d5 8. exd5 Nxd5 9. O-O Bc5 10. c3 O-O 11. cxd4 Bb6 12. d3 h6 13. Ng3 Bxd4 14. Bxh6 gxh6 15.
Qg4+ Bg7 16. h4 Nf6 17. Qf3 Qd4 18. Rae1 Qxh4 19. Ne4 Ng4 20. Qf4 Be5 21. Nf6+ Bxf6 22. Re4 e5 23. Qg3 Qxg3 24. fxg3 Kg7 0-1

[Event "Late-Titled-Tuesday-Blitz-May-28-2024"]
[Site "Chess.com"]
[Date "2024.05.28"]
[Round "4"]
[White "ChEsper99"]
[Black "gxbg2000"]
[Result "0-1"]
[WhiteElo "2229"]
[BlackElo "2002"]
[TimeControl "180+1"]
[EndTime "14:36:02 PDT"]
[Termination "gxbg2000 won by resignation"]

1. e4 c5 2. Nc3 d6 3. f4 g6 4. Nf3 Bg7 5. Bc4 Nf6 6. O-O O-O 7.
d3 Nc6 8. Kh1 a6 9. a4 Nd4 10.
Nxd4 cxd4 11. Nd5 Nxd5 12. Bxd5 e6 13. Bb3 Bd7 14. Qe1 Rc8 15. a5 Kh8 16. g4 Rc5 17. g5 Rb5 18. Bd2 Qc7 19. Qh4 Rxb3 20. cxb3 Qc2 21.
Qe1 Qxd3 22. Rc1 Qxb3 23. Bb4 Bc6 24. Bxd6 Rd8 25. Bc7 Rd7 26. Bb6 d3 27. Rd1 Bxb2 28. Kg1 Bc3 29. Qe3 d2 30. Rf3 Qxd1+ 0-1

[Event "Late-Titled-Tuesday-Blitz-May-28-2024"]
[Site "Chess.com"]
[Date "2024.05.28"]
[Round "4"]
[White "yujiarun18"]
[Black "Blackwhite017"]
[Result "0-1"]
[WhiteElo "2250"]
[BlackElo "2053"]
[TimeControl "180+1"]
[EndTime "14:36:03 PDT"]
[Termination "Blackwhite017 won by resignation"]

1. e4 c5 2. Nf3 Nc6 3. d4 cxd4 4. Nxd4 g6 5. c4 Nf6 6. f3 d6 7. Be3 Nxd4 8. Bxd4 Bg7 9. Nc3 O-O 10. Be2 Qa5 11. Qd2 Be6 12. O-O Rfc8 13. b3 a6 14. Rac1 Nd7 15. Be3 b5 16. Nd5 Qxd2 17. Bxd2 Bxd5 18.
cxd5 Bd4+ 19. Kh1 Bb2 20. Rxc8+ Rxc8 21. Bd3 Nb6 22. Rb1 Bd4 23. Ba5 Nd7 24. a4 bxa4 25.
bxa4 Nc5 26. Bc2 Nb7 27. Rxb7 Rxc2 28. h3 Rc1+ 29. Kh2 Be5+ 30. g3 Rc2+ 31. Kg1 Bxg3 32. Ra7 Bf2+ 0-1

[Event "Late-Titled-Tuesday-Blitz-May-28-2024"]
[Site "Chess.com"]
[Date "2024.05.28"]
[Round "4"]
[White "ReadySkate"]
[Black "Jospem"]
[Result "0-1"]
[WhiteElo "2727"]
[BlackElo "3022"]
[TimeControl "180+1"]
[EndTime "14:36:12 PDT"]
[Termination "Jospem won by resignation"]

1. d4 Nf6 2. c4 e6 3. Nc3 Bb4 4. f3 O-O 5. a3 Bxc3+ 6. bxc3 d6 7. e4 h6 8. Bd3 e5 9. Ne2 c5 10. O-O Nc6 11. f4 cxd4 12. cxd4 exd4 13. Bb2 Re8 14. Qc2 Bg4 15. h3 Bxe2 16. Qxe2 Qb6 17. Kh1 Re7 18. Rae1 Rae8 19. Qc2 Qc5 20. Bc1 Nd7 21.
Bd2 Qb6 22. Rb1 Qc7 23. Rbe1 Nc5 24. Rf3 f5 25. e5 dxe5 26. fxe5 Nxe5 27. Bf4 Nxf3 28.
Rxe7 Rxe7 0-1

[Event "Late-Titled-Tuesday-Blitz-May-28-2024"]
[Site "Chess.com"]
[Date "2024.05.28"]
[Round "4"]
[White "K_A_S_T_O_R"]
[Black "Sanyura"]
[Result "1-0"]
[WhiteElo "2853"]
[BlackElo "2623"]
[TimeControl "180+1"]
[EndTime "14:36:13 PDT"]
[Termination "K_A_S_T_O_R won on time"]

1. e4 c6 2. d4 d5 3. exd5 cxd5 4. c4 Nf6 5. Nc3 Nc6 6. Bg5 Be6 7. a3 g6 8. Be2 Bg7 9. Bf3 Ne4 10. Bxe4 dxe4 11.
d5 Ne5 12. dxe6 Nd3+ 13. Kf1 O-O 14. Nxe4 fxe6 15. Nf3 Rc8 16. Qe2 Nxb2 17. Rc1 Qa5 18.
Bxe7 Rfe8 19. Nf6+ 1-0

[Event "Late-Titled-Tuesday-Blitz-May-28-2024"]
[Site "Chess.com"]
[Date "2024.05.28"]
[Round "4"]
[White "Slovak_fighter2000"]
[Black "Lennis93"]
[Result "0-1"]
[WhiteElo "2546"]
[BlackElo "2775"]
[TimeControl "180+1"]
[EndTime "14:36:17 PDT"]
[Termination "Lennis93 won by checkmate"]

1. d4 Nf6 2. Nf3 b5 3. e3 a6 4. c4 bxc4 5. Bxc4 e6 6. Nc3 Bb7 7. O-O Be7 8. Qe2 d5 9. Bd3 Nbd7 10. e4 dxe4 11. Nxe4 c5 12. dxc5 Nxc5 13. Nxc5 Bxc5 14.
Be3 Bxe3 15. Qxe3 O-O 16. Rfd1 Qa5 17. Ne5 Rfd8 18. a3 Rd5 19. Nc4 Qc7 20. Nb6 Ng4 21. Qg3 Qxb6 22. Qxg4 Rad8 23. Bc4 Rd4 24. Rxd4 Rxd4 25.
Qe2 Re4 26. Qc2 Qc6 27. Bd3 Re1+ 28. Rxe1 Qxg2# 0-1

[Event "Late-Titled-Tuesday-Blitz-May-28-2024"]
[Site "Chess.com"]
[Date "2024.05.28"]
[Round "4"]
[White "Javadovvv"]
[Black "Hirna2005"]
[Result "1-0"]
[WhiteElo "2531"]
[BlackElo "2357"]
[TimeControl "180+1"]
[EndTime "14:36:23 PDT"]
[Termination "Javadovvv won by checkmate"]

1. d4 g6 2. Nf3 Bg7 3. Bf4 d6 4. e3 Nf6 5. h3 O-O 6. Be2 Nc6 7. O-O Bf5 8. c4 Qc8 9. Nc3 Re8 10. Rc1 e5 11. Bh2 Ne4 12. a3 exd4 13.
exd4 Nxc3 14. Rxc3 Be4 15. c5 Bxf3 16. Bxf3 Bxd4 17.
Bxc6 Bxc3 18. Bxe8 Bxb2 19. Bxf7+ Kxf7 20. Qb3+ Qe6 21. Qxb2 dxc5 22. Qxb7 Re8 23. Qxa7 c4 24. Qxc7+ Re7 25.
Qc5 Rd7 26. Bg3 Rd3 27. a4 c3 28. a5 Qa6 29. Rc1 h5 30. Rxc3 Rd1+ 31. Kh2 Qf1 32. Rf3+ Kg7 33. Qe5+ Kh6 34. Qh8+ Kg5 35. h4+ Kg4 36. Rf4# 1-0

[Event "Late-Titled-Tuesday-Blitz-May-28-2024"]
[Site "Chess.com"]
[Date "2024.05.28"]
[Round "4"]
[White "karinachess1"]
[Black "RebecaJimnz"]
[Result "1-0"]
[WhiteElo "2619"]
[BlackElo "2312"]
[TimeControl "180+1"]
[EndTime "14:36:29 PDT"]
[Termination "karinachess1 won by resignation"]

1. d4 d5 2. c4 c6 3. Nf3 Nf6 4. g3 e6 5. Bg2 Be7 6. Qd3 O-O 7. O-O dxc4 8. Qxc4 b5 9. Qc2 Bb7 10. Nc3 a6 11. Be3 Nd5 12. Nxd5 cxd5 13. Ne5 f6 14.
Nd3 Nc6 15. Nf4 Qd6 16. a4 Rac8 17. Qd3 Nb4 18. Qb3 Nc2 19. Rac1 Nxe3 20. Qxe3 e5 21.
Nd3 e4 22. Nc5 Qb6 23. Nd7 Qa5 24. Nxf8 Rxf8 25. axb5 Qxb5 26. b3 Rb8 27. Bh3 g6 28.
Rc7 Bd6 29. Be6+ Kh8 30. Rd7 Bf8 31. Qf4 1-0

[Event "Late-Titled-Tuesday-Blitz-May-28-2024"]
[Site "Chess.com"]
[Date "2024.05.28"]
[Round "4"]
[White "HamedWafa4"]
[Black "ACollins05"]
[Result "1-0"]
[WhiteElo "2720"]
[BlackElo "2481"]
[TimeControl "180+1"]
[EndTime "14:36:30 PDT"]
[Termination "HamedWafa4 won by checkmate"]

1. Nf3 b5 2. g3 Bb7 3. Bg2 e6 4.
O-O Nf6 5. b3 Be7 6. Bb2 O-O 7. e3 d6 8. d3 Nbd7 9. c4 b4 10. Nbd2 e5 11. d4 exd4 12. exd4 Re8 13. d5 c6 14. dxc6 Bxc6 15. Qc2 Qc7 16. Rfe1 Bf8 17.
Nd4 Bxg2 18. Kxg2 Rxe1 19. Rxe1 Re8 20. Rxe8 Nxe8 21. Nf5 g6 22. Ne3 Bg7 23. Nd5 Qb7 24. Nf3 Nef6 25. Nf4 Ng4 26. Bxg7 Kxg7 27. Nd5 Nge5 28.
Qb2 Kg8 29. Qe2 Kg7 30. h4 Nf6 31. Nxe5 Nxd5 32. cxd5 dxe5 33. Qxe5+ f6 34. Qe6 Qc7 35. Qc6 Qe5 36. d6 Kf7 37. d7 Qd4 38. Qc8 Qd5+ 39. Kh2 Qd2 40. d8=N+ Ke7 41. Nc6+ Kf7 42. Qc7+ Kf8 43.
Qe7+ Kg8 44. Qxf6 Qxa2 45. Ne7# 1-0

[Event "Late-Titled-Tuesday-Blitz-May-28-2024"]
[Site "Chess.com"]
[Date "2024.05.28"]
[Round "4"]
[White "egnfanclub"]
[Black "Orest_Vovk"]
[Result "0-1"]
[WhiteElo "2337"]
[BlackElo "2523"]
[TimeControl "180+1"]
[EndTime "14:36:31 PDT"]
[Termination "Orest_Vovk won by resignation"]

1. e4 g5 2. d4 g4 3. Nc3 Bg7 4. Bc4 c5 5. Nge2 cxd4 6. Nxd4 d6 7.
O-O Nc6 8. Nf5 Bxf5 9. exf5 Bxc3 10. bxc3 Ne5 11. Bb5+ Kf8 12. Bf4 h5 13. Re1 Qc7 14. Qd4 Nf6 15. Bxe5 dxe5 16. Rxe5 Rd8 17. Qc5 Qxc5 18.
Rxc5 Rd5 19. Rxd5 Nxd5 20. c4 Nc3 21. a4 a6 22. Bd7 Rh6 23. Bc8 Rb6 24. Kf1 Ke8 25.
f6 e6 26. Re1 Kd8 27. Bxe6 Rxe6 0-1

[Event "Late-Titled-Tuesday-Blitz-May-28-2024"]
[Site "Chess.com"]
[Date "2024.05.28"]
[Round "4"]
[White "Sinquefield"]
[Black "YellowJacek"]
[Result "0-1"]
[WhiteElo "2515"]
[BlackElo "2373"]
[TimeControl "180+1"]
[EndTime "14:36:32 PDT"]
[Termination "YellowJacek won by resignation"]

1. d4 d5 2. Nf3 Nf6 3. c3 c5 4. dxc5 Nc6 5. b4 a5 6. a3 g6 7. g3 Bg7 8. Bb2 Ne4 9. Qc1 b6 10. cxb6 Qxb6 11. e3 O-O 12. Be2 Bh3 13. Nbd2 Nxd2 14.
Qxd2 Rfd8 15. Ng5 Bg2 16. Rg1 Be4 17. Nxe4 dxe4 18. Qc2 f5 19. Kf1 Ne5 20. Kg2 Qc6 21. Rgd1 Nd3 22. Qb3+ e6 23. Rxd3 exd3+ 24. Bf3 Qb6 25. Bxa8 Rxa8 26. Qc4 axb4 27. axb4 Rxa1 28. Bxa1 Qb7+ 29. f3 Qd7 0-1

[Event "Late-Titled-Tuesday-Blitz-May-28-2024"]
[Site "Chess.com"]
[Date "2024.05.28"]
[Round "4"]
[White "Ykow"]
[Black "Kiborg95"]
[Result "0-1"]
[WhiteElo "2557"]
[BlackElo "2807"]
[TimeControl "180+1"]
[EndTime "14:36:34 PDT"]
[Termination "Kiborg95 won by resignation"]

1. e4 d6 2. d4 Nf6 3. Nc3 e5 4. Nf3 Nbd7 5. Rg1 c6 6. g4 h6 7. h4 exd4 8. Nxd4 Ne5 9. Be2 d5 10.
f4 Bb4 11. fxe5 Nxe4 12. Nf3 Qb6 13. Rg2 Bxg4 14. Bd2 Bxf3 15. Bxf3 Nxd2 16. Qxd2 d4 17. O-O-O O-O-O 18. Bg4+ Kb8 19. e6 dxc3 20. Qf4+ Ka8 21. exf7 Ba3 0-1

[Event "Late-Titled-Tuesday-Blitz-May-28-2024"]
[Site "Chess.com"]
[Date "2024.05.28"]
[Round "4"]
[White "Tibmat"]
[Black "Flaccidmoves"]
[Result "1-0"]
[WhiteElo "2687"]
[BlackElo "2492"]
[TimeControl "180+1"]
[EndTime "14:36:35 PDT"]
[Termination "Tibmat won by resignation"]

1. c4 Nf6 2. g3 g6 3. Bg2 Bg7 4. Nc3 O-O 5. e4 e5 6. Nge2 Nc6 7. O-O d6 8. d3 Nd7 9. h3 Nc5 10. Be3 Ne6 11. Qd2 Ned4 12. Kh2 a5 13. Bh6 Be6 14.
Bxg7 Kxg7 15. f4 f5 16. Nxd4 Nxd4 17. Ne2 Nxe2 18. Qxe2 exf4 19. Rxf4 Qd7 20. Raf1 Rae8 21.
Qd2 b6 22. Qc3+ Kg8 23. exf5 Bxf5 24. Bd5+ Be6 25. Rxf8+ Rxf8 26. Rxf8+ Kxf8 27. Qh8+ Ke7 28. Qxh7+ Kd8 29. Qh8+ Ke7 30. Qg7+ Kd8 31. Qf6+ Qe7 32. Qxe6 1-0

[Event "Late-Titled-Tuesday-Blitz-May-28-2024"]
[Site "Chess.com"]
[Date "2024.05.28"]
[Round "4"]
[White "ZachHKL"]
[Black "CDOEspiao"]
[Result "1-0"]
[WhiteElo "2382"]
[BlackElo "2518"]
[TimeControl "180+1"]
[EndTime "14:36:36 PDT"]
[Termination "ZachHKL won by resignation"]

1. e4 c5 2. Nf3 e6 3. d4 cxd4 4. Nxd4 a6 5. c4 Nf6 6. Nc3 Qc7 7.
Be3 b6 8. Be2 Bb7 9. f3 Be7 10.
O-O d6 11. Qd2 Nbd7 12. b3 O-O 13. Rfd1 Rac8 14. Rac1 Qb8 15. Qe1 Rfe8 16. Qf2 Bd8 17. Kh1 Kh8 18. a3 Rg8 19. Rg1 Bc7 20. g4 Ne5 21. g5 Nfd7 22. f4 Ng6 23. Bf3 Qa8 24. h4 Nc5 25. h5 Nxe4 26. Nxe4 Bxe4 27. hxg6 e5 28. Qg2 Bxf3 29. Nxf3 fxg6 30. fxe5 dxe5 31. Nh4 Rgf8 32. Qxa8 Rxa8 33. Kg2 b5 34. cxb5 Bd6 35. b6 Rab8 36. a4 a5 37. Rc6 Be7 38. Rh1 Kg8 39.
Rc7 Bd8 40. Rc6 e4 41. Rhc1 h6 42. Nxg6 Re8 43. gxh6 gxh6 44. Nf4 Kh7 45. Nd5 Rg8+ 46. Kf1 Bg5 47. Rc7+ Kh8 48. Bd4+ 1-0

[Event "Late-Titled-Tuesday-Blitz-May-28-2024"]
[Site "Chess.com"]
[Date "2024.05.28"]
[Round "4"]
[White "Squirlolz"]
[Black "lamomiajunior"]
[Result "0-1"]
[WhiteElo "2533"]
[BlackElo "2741"]
[TimeControl "180+1"]
[EndTime "14:36:37 PDT"]
[Termination "lamomiajunior won by resignation"]

1. e4 c5 2. d3 Nc6 3. Nd2 g6 4. f4 Bg7 5. Ndf3 e6 6. h4 h5 7. Nh3 d5 8. Nhg5 Nf6 9. Bd2 b6 10. Qe2 Bb7 11. O-O-O Rc8 12. Kb1 Ba6 13. e5 Ng4 14. g3 Qc7 15. Bh3 c4 16. d4 Qb7 17.
c3 b5 18. Bxg4 hxg4 19. Nh2 b4 20. Nxg4 bxc3 21. Bxc3 Nb4 22. Nf6+ Ke7 23. h5 Nd3 24. hxg6 fxg6 25. Qg4 Qb6 26. Rxh8 Rxh8 27. Rxd3 cxd3 28. Bb4+ Kd8 29. Nxe6+ Qxe6 30. Ba5+ Ke7 31. Bb4+ Kf7 0-1

[Event "Late-Titled-Tuesday-Blitz-May-28-2024"]
[Site "Chess.com"]
[Date "2024.05.28"]
[Round "4"]
[White "RichardShtivelband"]
[Black "RantomOpening"]
[Result "0-1"]
[WhiteElo "2387"]
[BlackElo "2567"]
[TimeControl "180+1"]
[EndTime "14:36:42 PDT"]
[Termination "RantomOpening won by resignation"]

1. e4 c5 2. Nf3 e6 3. d4 cxd4 4. Nxd4 Nf6 5. Nc3 Nc6 6. Ndb5 Bc5 7. Bf4 O-O 8. Bc7 Qe7 9. Bd6 Bxd6 10. Qxd6 Qd8 11. O-O-O a6 12. Nc7 Ra7 13. e5 Ng4 14.
Ne4 b6 15. Nd5 exd5 16. Qxd5 Ngxe5 17. f4 Ng4 18. Bd3 Nb4 19. Qh5 Nxd3+ 20. Rxd3 Nf6 21. Nxf6+ Qxf6 22. f5 d6 23. g4 Rc7 24. Rhd1 Rc6 25. Rf1 Qe5 26. Rh3 h6 27. g5 Bxf5 28. gxh6 Rxc2+ 29. Kd1 Qd4+ 0-1

[Event "Late-Titled-Tuesday-Blitz-May-28-2024"]
[Site "Chess.com"]
[Date "2024.05.28"]
[Round "4"]
[White "Masterisback04"]
[Black "Chaubunagungamaug1"]
[Result "1-0"]
[WhiteElo "2141"]
[BlackElo "2452"]
[TimeControl "180+1"]
[EndTime "14:36:42 PDT"]
[Termination "Masterisback04 won by resignation"]

1. e4 e6 2. d4 d5 3. e5 c5 4. c3 Nc6 5. Nf3 Qb6 6. a3 Bd7 7. b4 cxd4 8. cxd4 Nge7 9. Bb2 Nf5 10. Be2 Rc8 11. O-O Na5 12. Nbd2 Nc4 13. Nxc4 dxc4 14. Rc1 Bb5 15. a4 Bc6 16. Bxc4 Qxb4 17. d5 exd5 18. Bxd5 Qxb2 19. e6 f6 20. Bxc6+ 1-0

[Event "Late-Titled-Tuesday-Blitz-May-28-2024"]
[Site "Chess.com"]
[Date "2024.05.28"]
[Round "4"]
[White "OparinGrigoriy"]
[Black "GothamChess"]
[Result "1-0"]
[WhiteElo "3062"]
[BlackElo "2807"]
[TimeControl "180+1"]
[EndTime "14:36:43 PDT"]
[Termination "OparinGrigoriy won on time"]

1. g3 h5 2. Nf3 d6 3. d4 Nc6 4. Bg2 Bd7 5. Nc3 Qc8 6. h3 g6 7. e4 Bg7 8. Be3 a6 9. Qd2 Na5 10. b3 Nc6 11. a4 e6 12. O-O e5 13. Kh2 h4 14. g4 Nge7 15. Rad1 Bxg4 16. hxg4 h3 17. Bh1 Qxg4 18. dxe5 dxe5 19. Rg1 Qh5 20. Qd7+ Kf8 21. Ng5 Nd4 22. Nd5 Re8 23. Nxc7 Rb8 24.
Bxd4 exd4 25. Nce6+ fxe6 26. Qxe6 Ke8 27. Qf7+ Kd7 28. Qxg7 Rbf8 29. Qxd4+ Kc8 30. e5 Kb8 31. Qb6 1-0

[Event "Late-Titled-Tuesday-Blitz-May-28-2024"]
[Site "Chess.com"]
[Date "2024.05.28"]
[Round "4"]
[White "GiorgianBarbosa"]
[Black "Statham_01"]
[Result "0-1"]
[WhiteElo "2513"]
[BlackElo "2699"]
[TimeControl "180+1"]
[EndTime "14:36:44 PDT"]
[Termination "Statham_01 won by resignation"]

1. c4 e5 2. g3 Nf6 3. Bg2 c6 4.
Nf3 e4 5. Nd4 Qb6 6. Nc2 d5 7.
cxd5 cxd5 8. O-O h5 9. d3 h4 10. Bg5 hxg3 11. hxg3 Ng4 12. dxe4 Qg6 13. Qxd5 Nc6 14.
Nd4 Be6 15. Nxe6 fxe6 16. Qb5 Qh5 17. Rc1 Be7 18. Rxc6 O-O 19. f3 bxc6 20. Qxc6 Bxg5 21. Qxe6+ Kh8 22. f4 Qh2+ 23. Kf1 Qxg3 24. Kg1 Qe1+ 25.
Bf1 Qf2+ 0-1

[Event "Late-Titled-Tuesday-Blitz-May-28-2024"]
[Site "Chess.com"]
[Date "2024.05.28"]
[Round "4"]
[White "King_Deded4d5"]
[Black "maurovargas01"]
[Result "1-0"]
[WhiteElo "2451"]
[BlackElo "1918"]
[TimeControl "180+1"]
[EndTime "14:36:46 PDT"]
[Termination "King_Deded4d5 won by checkmate"]

1. d4 d5 2. Nf3 e6 3. Bf4 Bd6 4. e3 Nf6 5. Nbd2 O-O 6. h4 c6 7.
h5 h6 8. Bd3 Qc7 9. Bxd6 Qxd6 10. Ne5 Nbd7 11. f4 c5 12. c3 c4 13. Bc2 b5 14. a3 a5 15. g4 Rb8 16. Qf3 b4 17.
axb4 axb4 18. g5 hxg5 19. fxg5 Ne4 20. Nxe4 dxe4 21. Qxe4 f5 22. Qc6 Qd5 23. h6 Qxh1+ 24. Qxh1 bxc3 25. h7+ Kh8 26. Ng6# 1-0